 Dungeon Crawl Stone Soup version 0.32-a0-418-g34023cf50c (webtiles) character file.

Game seed: 11377700498100914893

456 Descartes the Digger (level 6, -5/45 HPs)
             Began as a Mountain Dwarf Earth Elementalist on Feb 21, 2024.
             Killed from afar by an acid dragon (30 damage)
             ... with a splash of acid
             ... on level 5 of the Dungeon.
             The game lasted 00:06:44 (2964 turns).

Descartes the Digger (MDEE)                         Turns: 2964, Time: 00:06:44

Health: -5/45      AC:  8    Str: 13    XL:     6   Next: 77%
Magic:  10/10      EV:  6    Int: 15    God:
Gold:   218        SH:  4    Dex: 10    Spells: 7/11 levels left

rFire   . . .        f - +0 sling
rCold   . . .        i - +0 buckler
rNeg    . . .        c - +0 chain mail
rPois   .            (no helmet)
rElec   .            (no cloak)
rCorr   .            n - +0 pair of gloves
SInv    .            l - +0 pair of boots
Will    .....        e - amulet of magic regeneration Stlth
                     (no ring)
HPRegen 0.27/turn    (no ring)
MPRegen 0.52/turn

%: no passive effects
@: corroded
A: runic magic, artefact enchanting
a: no special abilities


You were on level 5 of the Dungeon.
You visited 1 branch of the dungeon, and saw 5 of its levels.

You collected 218 gold pieces.

Inventory:

Hand Weapons
 f - a +0 sling (weapon)
 m - a +2 mace of holy wrath
Missiles
 a - 6 poisoned darts
Armour
 c - a +0 chain mail (worn)
 i - a +0 buckler (worn)
 l - a +0 pair of boots (worn)
 n - a +0 pair of gloves (worn)
Jewellery
 e - an amulet of magic regeneration (around neck)
 o - a ring of see invisible
 y - a ring of poison resistance
Scrolls
 d - 3 scrolls of poison {unknown}
 g - 4 scrolls of teleportation {unknown}
 h - a scroll of fog {unknown}
 k - 3 scrolls of enchant armour {unknown}
 q - a scroll of blinking {unknown}
 r - a scroll of immolation {unknown}
 t - a scroll of butterflies {unknown}
 u - 4 scrolls of identify {unknown}
 v - a scroll of silence {unknown}
 x - a scroll of torment {unknown}
Potions
 b - 3 potions of magic
 j - 2 potions of cancellation {unknown}
 p - a potion of mutation {unknown}
 s - 2 potions of haste {unknown}
 w - a potion of lignification {unknown}


   Skills:
 * Level 4.8 Armour
 - Level 1.4 Dodging
 - Level 2.0 Stealth
 + Level 1.7 Shields
 + Level 3.2 Spellcasting
 - Level 1.0 Conjurations
 + Level 4.8 Earth Magic


You had 7 spell levels left.
You knew the following spells:

 Your Spells              Type           Power      Damage    Failure   Level
a - Sandblast             Erth           32%        2d9       8%          1
b - Stone Arrow           Conj/Erth      22%        3d8       45%         3

Your spell library contained the following spells:

 Spells                   Type           Power      Damage    Failure   Level
 Passwall                 Erth           16%        N/A       22%         3
 Scorch                   Fire           4%         2d5       63%         2
 Brom's Barrelling Bould  Conj/Erth      11%        2d3       86%         4
 Petrify                  Alch/Erth      9%         N/A       90%         4
 Flame Wave               Conj/Fire      3%         2d5       99%         4
 Ignite Poison            Fire/Alch      2%         N/A       99%         4
 Sticky Flame             Fire/Alch      2%         2d4       99%         4
 Summon Cactus Giant      Summ           1%         N/A       100%        6
 Ignition                 Fire           1%         3d3       100%        8


Dungeon Overview and Level Annotations

Branches:
Dungeon (5/15)
 Temple: D:4-7

Altars:
Fedhas
Kikubaaqudgha
Okawaru
Qazlal
Vehumet

Shops:
D:3 [


Innate Abilities, Weirdness & Mutations

Your spellcasting is much less encumbered by armour.
You can use scrolls of enchantment on lesser artefacts.


Message History

Casting: Sandblast (safe; 8% risk of failure)
Confirm with . or Enter, or press ? or * to list all spells.
You can't see any susceptible monsters within range! (Use Z to cast anyway.) Unknown command.
You shoot a sling bullet.
The sling bullet closely misses the ball python.
Casting: Sandblast (safe; 8% risk of failure)
Confirm with . or Enter, or press ? or * to list all spells.
Aiming: Sandblast (safe; 8% risk of failure)
Press: ? - help, Shift-Dir - straight line, f/p - ball python
Aim: a ball python (80% to hit)
The blast of sand hits the ball python!
You kill the ball python!
You see here a ball python corpse.
Things that are here:
a +0 short sword; a kobold skeleton Done exploring.
Done exploring.
You see here a +0 club.
You see here an adder skeleton.
There is a stone staircase leading down here.
You climb downwards.
There is a stone staircase leading up here.
There is a stone staircase leading up here.
Found a helmet.
An acid dragon comes into view.
The acid dragon roars!
You see here 17 gold pieces.
Casting: Sandblast (safe; 8% risk of failure)
Confirm with . or Enter, or press ? or * to list all spells.
You can't see any susceptible monsters within range! (Use Z to cast anyway.) Unknown command.
You shoot a sling bullet.
The sling bullet barely misses the acid dragon.
The acid dragon spits acid at you. The splash of acid hits you!!
The acid corrodes you! The acid dragon spits acid at you.
The splash of acid hits you!!
Ouch! That really hurt!
You die...

#.# #.#.#
#D. #.#.#
##
#[###.#.#
........#.#
#.#.###.#.#
#.........#
###.###<#.#
#$###.#.#
#.@...#.#
#########


You could see an acid dragon (catching breath).

Vanquished Creatures
  2 phantoms (D:4)
  2 iguanas (D:4)
  An orc wizard (D:2)
  3 gnolls (D:3)
  5 adders
  2 dart slugs
  6 ribbon worms
  3 orcs (D:3)
  5 bats
  8 endoplasms
  4 giant cockroaches
  4 goblins
  4 hobgoblins
  7 jackals
  6 quokkas
  6 ball pythons
  4 frilled lizards
  8 kobolds
  3 rats (D:3)
83 creatures vanquished.

Notes
Turn   | Place    | Note
-------+----------+-------------------------------------------
     0 | D:1      | Descartes the Mountain Dwarf Earth Elementalist began the
                  | quest for the Orb.
     0 | D:1      | Reached XP level 1. HP: 14/14 MP: 3/3
    16 | D:1      | Reached skill level 1 in Conjurations
   204 | D:1      | Reached XP level 2. HP: 12/20 MP: 1/4
   299 | D:1      | Reached skill level 1 in Armour
   595 | D:1      | Reached XP level 3. HP: 26/26 MP: 6/6
   939 | D:2      | Found a blossoming altar of Fedhas.
   987 | D:2      | Reached XP level 4. HP: 33/33 MP: 5/7
  1394 | D:3      | Found a radiant altar of Vehumet.
  1483 | D:3      | Reached XP level 5. HP: 36/38 MP: 6/8
  1517 | D:3      | Found an iron altar of Okawaru.
  1532 | D:3      | Found an ancient bone altar of Kikubaaqudgha.
  1667 | D:3      | Found Enud's Antique Armour Boutique.
  1832 | D:3      | Learned a level 3 spell: Stone Arrow
  2492 | D:4      | Reached XP level 6. HP: 45/45 MP: 10/10
  2526 | D:4      | Reached skill level 1 in Shields
  2716 | D:4      | Found a stormy altar of Qazlal.
  2720 | D:4      | Noticed a water elemental
  2721 | D:4      | Noticed an air elemental
  2721 | D:4      | Noticed a fire elemental
  2953 | D:5      | Entered Level 5 of the Dungeon
  2962 | D:5      | Noticed an acid dragon
  2964 | D:5      | Killed from afar by an acid dragon

Illustrated notes

Levels and vault maps discovered:
D:1:      saegor_arrival_simple_c, layout_basic
D:2:      layout_loops_ring, basic_altar
D:3:      minmay_diamond_boxcup, layout_basic,
          mainiacjoe_overflow_large_starburst, nicolae_vehumet_radiance,
          serial_shops, nicolae_shop_crystal, minmay_box_of_dots
D:4:      layout_basic, nicolae_qazlal_style_of_elements
D:5:      layout_basic, chequers_arboretum, pf_guarded_unrand_delatra,
          uniq_grinder

Skill      XL: |  1  2  3  4  5  6 |
---------------+-------------------+-----
Conjurations   | 1 |  1.0
Armour         | 1 2 3 4 |  4.8
Spellcasting   | 2 3 |  3.2
Earth Magic    | 4 |  4.8
Stealth        | 2 |  2.0
Shields        | 1 |  1.7
Dodging        | |  1.4

Action                     |  1- 3 |  4- 6 || total
---------------------------+-------+-------++-------
   Fire: Sling             |     7 |    69 ||    76
   Cast: Sandblast         |    41 |    91 ||   132
 Armour: Chain mail        |    17 |    77 ||    94
  Dodge: Dodged            |     8 |    18 ||    26
  Block: Buckler           |     1 |    13 ||    14

Table legend: (Time is in decaauts)
 A = Elapsed time spent in this place.
 B = Non-inter-level travel time spent in this place.
 C = Inter-level travel time spent in this place.
 D = Time resting spent in this place.
 E = Time spent auto-exploring this place.
 F = Levels seen in this place.
 G = Mean time per level.
                   A        B        C        D        E       F      G
               +--------+--------+--------+--------+--------+-----+--------+
         Total |   3097 |   2998 |     99 |      0 |   2403 |   5 |  619.4 |
       Dungeon |   3097 |   2998 |     99 |      0 |   2403 |   5 |  619.4 |
               +--------+--------+--------+--------+--------+-----+--------+

Top non-repeatable levels by time:
     D:4: 866 daAuts
     D:2: 806 daAuts
     D:1: 710 daAuts
     D:3: 702 daAuts
     D:5: 11 daAuts
